 Dungeon Crawl Stone Soup version 0.31-a0-704-g1016066182 (webtiles) character file.

Game seed: 12748222911697299458

2 GordonOverkill the Trooper (level 1, -5/24 HPs)
             Began as an Ogre Delver on Sept 9, 2023.
             Slain by a gnoll
             ... wielding a +0 spear
             ... led by a gnoll bouda
              (9 damage)
             ... on level 5 of the Dungeon.
             The game lasted 00:01:09 (257 turns).

GordonOverkill the Trooper (Ogre Delver)             Turns: 257, Time: 00:01:10

Health: -5/24      AC:  3    Str: 15    XL:     1   Next: 30%
Magic:  1/1        EV:  9    Int: 11    God:
Gold:   20         SH:  0    Dex: 10    Spells: 0/0 levels left

rFire   . . .        a - +0 mace
rCold   . . .        (no shield)
rNeg    . . .        b - +0 robe
rPois   .            (helmet restricted)
rElec   .            (no cloak)
rCorr   .            (gloves unavailable)
SInv    .            (boots unavailable)
Will    .....        (no amulet)
Stlth   ++           (no ring)
HPRegen 0.24/turn    (no ring)
MPRegen 0.07/turn

%: no passive effects
@: no status effects
A: large, unfitting armour, tough skin 1
a: no special abilities


You were on level 5 of the Dungeon.
You visited 1 branch of the dungeon, and saw 3 of its levels.

You collected 20 gold pieces.

Inventory:

Hand Weapons
 a - a +0 mace (weapon)
Armour
 b - a +0 robe (worn)
Wands
 g - a wand of digging (3)
Scrolls
 c - a scroll of fog
 d - a scroll of revelation
 e - a scroll of fear
 h - a scroll of vulnerability {unknown}
Potions
 f - a potion of haste
 i - a potion of degeneration {unknown}


   Skills:
 - Level 4.0 Fighting
 + Level 2.0 Maces & Flails
 - Level 1.7 Dodging
 - Level 3.7 Stealth


You couldn't memorise any spells.
You didn't know any spells.
Your spell library was empty.

Dungeon Overview and Level Annotations

Branches:
Dungeon (6/15)
 Temple: D:4-7

Altars:

Shops:
D:6 :


Innate Abilities, Weirdness & Mutations

You are too large for most types of armour.
You have tough skin. (AC +1)


Message History

There is a stone staircase leading down here.
You start waiting.
A gnoll is nearby!
There is a stone staircase leading down here.
A gnoll comes into view. It is wielding a +0 spear.
There is a stone staircase leading down here.
The gnoll hits you with a +0 spear.
There is a stone staircase leading down here.
The gnoll misses you.
You climb downwards.
There is a stone staircase leading up here.
You hit the gnoll.
The gnoll is heavily wounded.
The gnoll hits you with a +0 spear.
You closely miss the gnoll.
The gnoll is heavily wounded.
The gnoll hits you with a +0 spear.
You hit the gnoll.
The gnoll is heavily wounded.
The gnoll barely misses you. The gnoll hits you with a +0 spear!
* * * LOW HITPOINT WARNING * * *
You closely miss the gnoll.
The gnoll is heavily wounded.
The gnoll hits you with a +0 spear.
* * * LOW HITPOINT WARNING * * *
You hit the gnoll but do no damage.
The gnoll is heavily wounded.
The gnoll hits you with a +0 spear.
* * * LOW HITPOINT WARNING * * *
You completely miss the gnoll.
The gnoll is heavily wounded.
The gnoll hits you with a +0 spear.
* * * LOW HITPOINT WARNING * * *
You hit the gnoll but do no damage. You punch the gnoll.
The gnoll is severely wounded.
The gnoll hits you but does no damage. The gnoll closely misses you.
You barely miss the gnoll.
The gnoll is severely wounded.
The gnoll hits you with a +0 spear!
You die...

...h... ..# #
####.######
###########.........#
............##.####.#
##############.#
.###### #
###.####).....# #
#####......<....... #
..........g.#####.# #
#####.#..@...###
#.#........#
#.##.....#.# #
##...##.##
.....##..>#
####..##...#
#..##..>#
#..............
#.###.#...####.


You could see a gnoll.

Vanquished Creatures
  An endoplasm (D:5)
  A ball python (D:4)
2 creatures vanquished.

Notes
Turn   | Place    | Note
-------+----------+-------------------------------------------
     0 | D:5      | GordonOverkill the Ogre Delver began the quest for the Orb.
     0 | D:5      | Reached XP level 1. HP: 24/24 MP: 1/1
     7 | D:6      | Found Paciape's Vocational Training.
    64 | D:4      | Noticed an iguana
    81 | D:4      | Noticed a hound
   113 | D:5      | Noticed a hound
   149 | D:4      | Noticed a gnoll bouda
   257 | D:5      | Slain by a gnoll

Illustrated notes

Levels and vault maps discovered:
D:4:      layout_loops_ring, mainiacjoe_overflow_six_doors_small,
          old_standard_altar, nemelex_spade_bored_becter,
          lightli_sewer_entry_pipes, amethyst_killhole, nicolae_specific_store
D:5:      layout_loops_ring
D:6:      layout_gridville, kennysheep_okawaru_gauntlet,
          fedhas_bush_and_centaur_altar,
          nicolae_uskayaw_murder_on_the_dancefloor, lemuel_doored_altar,
          serial_rivers, chequers_serial_rivers_room_b,
          chequers_serial_rivers_room_b, chequers_serial_rivers_large_a,
          chequers_serial_rivers_marsh, nicolae_shop_vocational

Skill      XL: |  1 |
---------------+----+-----
Maces & Flails | 2 |  2.0
Fighting       | |  4.0
Dodging        | |  1.7
Stealth        | |  3.7

Action                     || total
---------------------------++-------
  Melee: Mace              ||    10
         Punch             ||     1
 Armour: Robe              ||    11
  Dodge: Dodged            ||     5

Table legend: (Time is in decaauts)
 A = Elapsed time spent in this place.
 B = Non-inter-level travel time spent in this place.
 C = Inter-level travel time spent in this place.
 D = Time resting spent in this place.
 E = Time spent auto-exploring this place.
 F = Levels seen in this place.
 G = Mean time per level.
                   A        B        C        D        E       F      G
               +--------+--------+--------+--------+--------+-----+--------+
         Total |    261 |    261 |      0 |     74 |      0 |   3 |   87.0 |
       Dungeon |    261 |    261 |      0 |     74 |      0 |   3 |   87.0 |
               +--------+--------+--------+--------+--------+-----+--------+

Top non-repeatable levels by time:
     D:5: 153 daAuts
     D:4: 90 daAuts
     D:6: 17 daAuts
